[Event "1000GM Schev-G5 March 2024"]
[Site "Santa Clara"]
[Date "2024.03.09"]
[Round "1.1"]
[White "Zhou, Ivan"]
[Black "Gongora Montes, Benjamin"]
[Result "1/2-1/2"]
[ECO "C10"]
[WhiteElo "1905"]
[BlackElo "2106"]
[Annotator "RC"]
[PlyCount "47"]
[EventDate "2024.03.06"]
[EventType "schev"]
[EventCountry "USA"]
[SourceTitle "playchess.com"]
[Source "ChessBase"]
[SourceQuality "1"]
[TimeControl "5400+30"]

1. e4 e6 2. d4 d5 3. Nd2 dxe4 4. Nxe4 Nf6 5. Nxf6+ gxf6 6. Nf3 b6 7. Bb5+ c6 8. Be2 Qc7 9. Be3 Nd7 10. Qd2 Bb7 11. O-O-O O-O-O 12. Bf4 Bd6 13. Bxd6 Qxd6 14. Rhe1 Rhg8 15. g3 c5 16. dxc5 Qxd2+ 17. Rxd2 Nxc5 18. Nh4 Rxd2 19. Kxd2 Rd8+ 20. Kc1 Kc7 21. Bf3 Bxf3 22. Nxf3 Rd5 23. Re2 b5 24. Rd2 1/2-1/2

[Event "1000GM Schev-G5 March 2024"]
[Site "Santa Clara"]
[Date "2024.03.09"]
[Round "1.2"]
[White "Xia, Joshua"]
[Black "Garcia Lopez, Miguel Angel"]
[Result "1-0"]
[ECO "C60"]
[WhiteElo "1938"]
[BlackElo "2262"]
[Annotator "TA"]
[PlyCount "87"]
[EventDate "2024.03.06"]
[EventType "schev"]
[EventCountry "USA"]
[SourceTitle "playchess.com"]
[Source "ChessBase"]
[SourceQuality "1"]
[TimeControl "5400+30"]

1. e4 e5 2. Nf3 Nc6 3. Bb5 Nge7 4. Nc3 Ng6 5. h4 Nd4 6. h5 {[%emt 0:00:09] Threatens to win with Nxd4.} Nf4 7. d3 Nxg2+ 8. Kf1 {[%emt 0:00:03] White is slightly better.} c6 9. Bc4 (9. Nxd4 $5 exd4 10. Nd5 $14) 9... Nxf3 10. Qxf3 d5 $2 11. exd5 $18 Nh4 12. Qg3 Be7 13. dxc6 O-O (13... bxc6 $2 14. Qxg7 (14. Qxe5 O-O $18) 14... Rf8 15. Ne4 $18 (15. Qxe5 Nf3 $18) (15. Qxh7 Bf5 $18)) 14. c7 Qd4 15. Be3 $40 {[%emt 0:01:33][%mdl 128] White wants a kill. The board is on fire. White is more active.} (15. Nd5 $142 Nf5 16. Qg2 (16. Nxe7+ Nxe7 17. Rh4 Nf5 $18)) 15... Nf5 $16 16. Qf3 (16. Bxd4 Nxg3+ 17. fxg3 exd4) 16... Nxe3+ 17. fxe3 Qc5 (17... Qd6 $16 {was worth a try.}) 18. Ke2 {[%emt 0:13:39] Strongly threatening Rag1.} Be6 19. Rhg1 (19. Qxb7 Bxc4 20. dxc4 Qxc4+ 21. Kd2 Bb4 $16) (19. Bxe6 fxe6 20. Qxb7 Rac8) 19... Bxc4 {[%emt 0:01:21] [#]} (19... Qxc7 $2 20. Qg2 g5 21. hxg6 fxg6 22. Bxe6+ $18) 20. Qg4 Bxd3+ 21. cxd3 g6 {[%emt 0:00:39] [#] Black is weak on the light squares} 22. Rac1 $2 (22. hxg6 $1 $18 hxg6 23. Qc4) 22... Qb4 $2 (22... Qxc7 $11 {and Black is okay.} 23. hxg6 hxg6 (23... fxg6 24. Qe6+ Rf7 25. Rgf1 $11)) 23. Qxb4 Bxb4 24. Nd5 Bd6 25. Rc4 Rac8 26. Rgc1 f5 27. Ra4 a6 28. Rac4 Rf7 29. b4 f4 (29... gxh5 {was necessary.} 30. a4 f4) 30. a4 $18 g5 (30... gxh5 $142 31. b5 axb5 32. axb5 Kh8) 31. b5 axb5 32. axb5 g4 33. b6 {[%emt 0:00:44] White is clearly winning.} f3+ 34. Kf1 (34. Kf2 e4 35. Nf4 (35. Rxe4 g3+ 36. Kg1 Rf5 $18) 35... Bxf4 36. exf4 g3+ 37. Kxg3 Rg7+ 38. Kh2 (38. Kf2 Rg2+ 39. Ke3 Re2+ 40. Kd4 f2 $16) 38... Rg2+ 39. Kh3 exd3) 34... g3 35. Rg4+ Rg7 (35... Kf8 $142 36. Rxg3 e4) 36. Nf6+ Kh8 37. Rxg7 Kxg7 {[%emt 0:00:01][%mdl 4096] Endgame. KRB-KRN} 38. Ne4 Bb4 39. Nxg3 Kf6 40. Ne4+ Ke6 41. Rc4 Ba5 {[%emt 0:00:14] [#]} 42. Rc6+ $3 Kd7 (42... Ke7 43. Rh6) 43. Rd6+ Ke7 44. Rh6 {[%emt 0:00:12] Weighted Error Value: White=0.32/Black=0.47.  Loses game:     	---       	Black=2      Missed win:     	White=1     	---        Mistake:       	White=1     	Black=4      Inaccurate:     	White=2     	Black=1      OK:         	White=10    	Black=11     Best:        	White=3     	Black=2} 1-0

[Event "1000GM Schev-G5 March 2024"]
[Site "Santa Clara"]
[Date "2024.03.09"]
[Round "1.3"]
[White "Bhaduri, Neil S"]
[Black "Urbina Quiroz, Edwin"]
[Result "1-0"]
[ECO "A14"]
[WhiteElo "1917"]
[BlackElo "2047"]
[Annotator "RC"]
[PlyCount "59"]
[EventDate "2024.03.06"]
[EventType "schev"]
[EventCountry "USA"]
[SourceTitle "playchess.com"]
[Source "ChessBase"]
[SourceQuality "1"]
[TimeControl "5400+30"]

1. Nf3 d5 2. c4 e6 3. b3 Nf6 4. g3 Be7 5. Bg2 O-O 6. O-O c5 7. e3 Nc6 8. Bb2 b6 9. Qe2 Ba6 10. d3 Rc8 11. Nc3 Re8 12. Rad1 Bf8 13. Nh4 Qd7 14. f4 d4 15. Ne4 Be7 16. Nf3 dxe3 17. Nxf6+ Bxf6 18. Bxf6 gxf6 19. Qxe3 f5 20. d4 cxd4 21. Nxd4 Nxd4 22. Rxd4 Qc7 23. Rfd1 Qc5 24. Qf2 b5 25. Rd6 bxc4 26. Qxc5 Rxc5 27. Rxa6 c3 28. Rc6 c2 29. Rc1 Rd8 30. Rxc2 1-0

[Event "1000GM Schev-G5 March 2024"]
[Site "Santa Clara"]
[Date "2024.03.09"]
[Round "1.5"]
[White "Varela Velazquez, Carlos Francisco"]
[Black "Jin, Austin"]
[Result "1-0"]
[ECO "D30"]
[WhiteElo "2113"]
[BlackElo "1950"]
[Annotator "RC"]
[PlyCount "39"]
[EventDate "2024.03.06"]
[EventType "schev"]
[EventCountry "USA"]
[SourceTitle "playchess.com"]
[Source "ChessBase"]
[SourceQuality "1"]
[TimeControl "5400+30"]

1. c4 e6 2. g3 d5 3. Bg2 Nf6 4. Nf3 Be7 5. b3 O-O 6. Bb2 c5 7. cxd5 exd5 8. d4 Nc6 9. O-O Bf5 10. dxc5 Bxc5 11. Nc3 a6 12. Rc1 Ba7 13. Na4 Re8 14. Re1 Ng4 15. Nd4 Nxf2 16. Kxf2 Qf6 17. e3 Rxe3 18. Rxe3 Nxd4 19. Bf3 g5 20. Nc5 1-0

[Event "1000GM Schev-G5 March 2024"]
[Site "Santa Clara"]
[Date "2024.03.10"]
[Round "2.1"]
[White "Garcia Lopez, Miguel Angel"]
[Black "Zhou, Ivan"]
[Result "1/2-1/2"]
[ECO "B11"]
[WhiteElo "2262"]
[BlackElo "1905"]
[Annotator "TA"]
[PlyCount "76"]
[EventDate "2024.03.06"]
[EventType "schev"]
[EventCountry "USA"]
[SourceTitle "playchess.com"]
[Source "ChessBase"]
[SourceQuality "1"]
[TimeControl "5400+30"]

1. e4 c6 2. Nc3 d5 3. Nf3 dxe4 4. Nxe4 Nf6 5. Qe2 Nxe4 6. Qxe4 Nd7 7. Bc4 {[%emt 0:00:10] Ng5 would now be deadly.} Nf6 {[%emt 0:00:08] [#]} 8. Ne5 $1 e6 {[%emt 0:00:51] White has an edge.} 9. Qe2 b5 10. Bd3 (10. Nxc6 Qc7 11. Bd3 (11. Bxb5 $2 a6 $19) 11... a6 $11 (11... Qxc6 $2 12. Bxb5 $18)) 10... Qc7 11. a4 Bd6 {[%emt 0:04:30] [#]} 12. Nxc6 b4 (12... Qxc6 $2 13. Bxb5 $18 (13. axb5 $2 Qxg2 14. Qf1 Qd5 $19) (13. axb5 $2 Qxg2 14. Qf1 Qd5 $19)) (12... a6 13. axb5) 13. Nd4 $1 {[%emt 0:02:41] White is more active.} a6 {[%emt 0:02:23][%cal Oe8g8] Inhibits Nb5.} 14. b3 (14. Nf5 $14 {should be considered.}) 14... Bb7 15. Bb2 Nd5 {[%emt 0:09:29][%cal Od5f4] ...Nf4! is the strong threat.} 16. Be4 Nf4 (16... Rc8 $14) 17. Qf3 (17. Nb5 $142 $1 Qd8 18. Qf3) 17... O-O-O (17... Bxe4 $142 18. Qxe4 O-O) 18. Rc1 {[%emt 0:18:07] And now c3 would win.} Bxe4 19. Qxe4 Qb7 20. Qxb7+ (20. Qc6+ {looks sharper.} Bc7 21. g3 e5 22. Qxb7+ Kxb7 23. Nf5) 20... Kxb7 21. g3 Nd5 22. Ne2 f6 23. O-O h5 24. Kg2 h4 25. h3 ({White should play} 25. Rfe1 $16) 25... g5 ({Black should try} 25... Rd7 $11) 26. g4 Rhf8 27. c3 (27. Rcd1 $14) 27... Bf4 28. c4 Bxd2 29. cxd5 Bxc1 30. Bxc1 (30. Rxc1 Rxd5 31. Bd4 a5 $14) 30... Rxd5 31. f4 {[%emt 0:00:00] Black must now prevent fxg5.} Rc8 32. fxg5 fxg5 (32... Rc2 $2 33. gxf6 Rxe2+ 34. Kf3 $18) 33. Rf7+ Kb8 34. Rg7 Re5 {[%emt 0:00:52] The position is equal.} 35. Kf2 (35. Rxg5 $2 {is the wrong capture.} Rxe2+ 36. Kf3 Re1 $19) 35... Rc2 36. Be3 (36. Rxg5 $2 {perishes.} Rexe2+ 37. Kf1 e5 (37... Rxc1+ 38. Kxe2 Rc3 39. Rh5 $11) 38. Rg8+ Kc7 39. Rg7+ Kd6 40. Rg6+ Kd5 $19) 36... Rb2 37. Rxg5 Rxg5 38. Bxg5 Rxb3 {[%emt 0:00:16] Weighted Error Value: White=0.18 (very precise) /Black=0.18 (very precise) .  Mistake:       	White=4     	Black=3      Inaccurate:     	White=3     	Black=5      OK:         	White=9     	Black=9      Best:        	White=3     	Black=3      Strong:       	White=1     	---        Brilliant:      	White=1     	---} 1/2-1/2

[Event "1000GM Schev-G5 March 2024"]
[Site "Santa Clara"]
[Date "2024.03.10"]
[Round "2.2"]
[White "Urbina Quiroz, Edwin"]
[Black "Xia, Joshua"]
[Result "1/2-1/2"]
[ECO "B81"]
[WhiteElo "2047"]
[BlackElo "1938"]
[Annotator "RC"]
[PlyCount "150"]
[EventDate "2024.03.06"]
[EventType "schev"]
[EventCountry "USA"]
[SourceTitle "playchess.com"]
[Source "ChessBase"]
[SourceQuality "1"]
[TimeControl "5400+30"]

1. e4 c5 2. Nf3 d6 3. d4 cxd4 4. Nxd4 Nf6 5. Nc3 a6 6. h3 e6 7. g4 Be7 8. Bg2 Nfd7 9. Be3 O-O 10. Qe2 b5 11. a3 Bb7 12. O-O Nb6 13. Rad1 N8d7 14. Nb3 Rc8 15. Bc1 Qc7 16. Rfe1 Nc4 17. Nb1 Bf6 18. c3 a5 19. Nd4 a4 20. g5 Be7 21. h4 Qc5 22. Qg4 Nce5 23. Qg3 Rfe8 24. h5 Nf8 25. Nd2 Nc6 26. N2f3 Nd8 27. Nh2 Bc6 28. Be3 Qc4 29. Ra1 Bd7 30. Bf1 Qc7 31. Nxb5 Qb7 32. Nxd6 Bxd6 33. Qxd6 Qxe4 34. Qf4 Bc6 35. Qxe4 Bxe4 36. Bd4 Bc6 37. h6 gxh6 38. Ng4 Nd7 39. gxh6 f5 40. Nf6+ Nxf6 41. Bxf6 Nf7 42. Bg7 Ng5 43. Bg2 Nf3+ 44. Bxf3 Bxf3 45. Re3 Bd5 46. Rd1 Kf7 47. Rd4 Rc4 48. Kh2 Rb8 49. Rd2 Rh4+ 50. Rh3 Rg4 51. Rg3 Rh4+ 52. Rh3 Rg4 53. f3 Rc4 54. Bd4 Rg8 55. Rg3 Rg6 56. Rxg6 Kxg6 57. Kg3 Kg5 58. Rh2 Rc8 59. Rh1 f4+ 60. Kf2 Rb8 61. Rg1+ Kxh6 62. c4 Bxc4 63. Be5 Rb5 64. Bd4 Rb8 65. Be5 Rd8 66. Bxf4+ Kh5 67. Rg5+ Kh4 68. Rg4+ Kh5 69. Rg5+ Kh4 70. Rc5 Bd5 71. Rc7 Bc4 72. Rg7 Rd5 73. Rxh7+ Rh5 74. Bg3+ Kg5 75. f4+ Kg6 1/2-1/2

[Event "1000GM Schev-G5 March 2024"]
[Site "Santa Clara"]
[Date "2024.03.10"]
[Round "2.4"]
[White "Bhatta, Rohit"]
[Black "Varela Velazquez, Carlos Francisco"]
[Result "0-1"]
[ECO "E08"]
[WhiteElo "1952"]
[BlackElo "2113"]
[Annotator "RC"]
[PlyCount "118"]
[EventDate "2024.03.06"]
[EventType "schev"]
[EventCountry "USA"]
[SourceTitle "playchess.com"]
[Source "ChessBase"]
[SourceQuality "1"]
[TimeControl "5400+30"]

1. d4 Nf6 2. c4 e6 3. g3 d5 4. Bg2 Bb4+ 5. Bd2 Be7 6. Nf3 c6 7. Qc2 Nbd7 8. O-O O-O 9. Bf4 b6 10. Rd1 Ba6 11. Ne5 Rc8 12. Nc3 Nh5 13. Bc1 f5 14. Nxc6 Rxc6 15. cxd5 Rc4 16. dxe6 Ndf6 17. d5 Ne4 18. Qb3 Rb4 19. Qc2 Qc7 20. Be3 Nhf6 21. Rac1 Rc4 22. Qb3 Nd6 23. Bf4 Rc8 24. h3 Qb7 25. a4 R4c5 26. Be3 R5c7 27. Bf4 b5 28. Nxb5 Rxc1 29. Bxc1 Bxb5 30. axb5 Qxb5 31. Qa3 Qxe2 32. Bf3 Qc2 33. Qxa7 Kf8 34. b4 Qc3 35. Qe3 Qxb4 36. Ba3 Qc3 37. Rd3 Qc7 38. Bb4 Qc1+ 39. Qxc1 Rxc1+ 40. Kg2 Rb1 41. Bc5 Nfe4 42. Be3 Nc4 43. Bd4 Rb5 44. Bxe4 fxe4 45. Rc3 Nd6 46. Ra3 Ne8 47. Re3 Nd6 48. Ra3 g6 49. Ra8+ Ne8 50. Bg7+ Kxg7 51. Rxe8 Kf6 52. g4 Rxd5 53. Rh8 h5 54. gxh5 Rg5+ 55. Kh2 Bd6+ 56. Kh1 Rxh5 57. Rxh5 gxh5 58. Kg2 Kxe6 59. Kf1 Kf5 0-1

[Event "1000GM Schev-G5 March 2024"]
[Site "Santa Clara"]
[Date "2024.03.10"]
[Round "2.5"]
[White "Jin, Austin"]
[Black "Gongora Montes, Benjamin"]
[Result "1/2-1/2"]
[ECO "C02"]
[WhiteElo "1950"]
[BlackElo "2106"]
[Annotator "RC"]
[PlyCount "61"]
[EventDate "2024.03.06"]
[EventType "schev"]
[EventCountry "USA"]
[SourceTitle "playchess.com"]
[Source "ChessBase"]
[SourceQuality "1"]
[TimeControl "5400+30"]

1. e4 e6 2. d4 d5 3. e5 c5 4. c3 Qb6 5. Nf3 Bd7 6. Be2 Bb5 7. O-O Bxe2 8. Qxe2 cxd4 9. cxd4 Nc6 10. Rd1 Nge7 11. Nc3 Nf5 12. Qd3 Be7 13. Nxd5 Qd8 14. Ne3 Nxe3 15. Bxe3 Qd5 16. Bg5 Bxg5 17. Nxg5 Rd8 18. Qf3 O-O 19. Qd3 f5 20. Nf3 Rd7 21. h4 Rfd8 22. Qc3 h6 23. Rd2 Kh7 24. b3 Qe4 25. Rad1 Ne7 26. Qc5 a6 27. Qb6 Nc6 28. Re1 Qf4 29. Red1 Qe4 30. Re1 Qf4 31. Red1 1/2-1/2

[Event "1000GM Schev-G5 March 2024"]
[Site "Santa Clara"]
[Date "2024.03.10"]
[Round "3.1"]
[White "Zhou, Ivan"]
[Black "Urbina Quiroz, Edwin"]
[Result "0-1"]
[ECO "C96"]
[WhiteElo "1905"]
[BlackElo "2047"]
[Annotator "RC"]
[PlyCount "48"]
[EventDate "2024.03.06"]
[EventType "schev"]
[EventCountry "USA"]
[SourceTitle "playchess.com"]
[Source "ChessBase"]
[SourceQuality "1"]
[TimeControl "5400+30"]

1. e4 e5 2. Nf3 Nc6 3. Bb5 a6 4. Ba4 Nf6 5. O-O Be7 6. Re1 b5 7. Bb3 d6 8. c3 O-O 9. h3 Na5 10. Bc2 d5 11. d4 dxe4 12. Nxe5 c5 13. dxc5 Qc7 14. Bf4 Bxc5 15. b4 Bd6 16. Bxe4 Nxe4 17. Rxe4 Bb7 18. Re1 Nc6 19. Ng6 Bxf4 20. Nxf8 Rxf8 21. Na3 Ne5 22. Qd4 Qc6 23. f3 Nxf3+ 24. gxf3 Qxf3 0-1

[Event "1000GM Schev-G5 March 2024"]
[Site "Santa Clara"]
[Date "2024.03.10"]
[Round "3.3"]
[White "Varela Velazquez, Carlos Francisco"]
[Black "Bhaduri, Neil S"]
[Result "1/2-1/2"]
[ECO "D02"]
[WhiteElo "2113"]
[BlackElo "1917"]
[Annotator "RC"]
[PlyCount "57"]
[EventDate "2024.03.06"]
[EventType "schev"]
[EventCountry "USA"]
[SourceTitle "playchess.com"]
[Source "ChessBase"]
[SourceQuality "1"]
[TimeControl "5400+30"]

1. Nf3 Nf6 2. g3 d5 3. Bg2 c5 4. O-O Nc6 5. d4 cxd4 6. Nxd4 e5 7. Nxc6 bxc6 8. c4 Rb8 9. Bg5 d4 10. Bxc6+ Bd7 11. Bxd7+ Qxd7 12. Nd2 Rxb2 13. Rb1 Rb6 14. Nf3 Qc7 15. Qa4+ Nd7 16. Rxb6 axb6 17. Qa8+ Qb8 18. Qc6 Bd6 19. e3 d3 20. e4 f6 21. Be3 Ke7 22. Qd5 Qa8 23. Qxd3 Qxa2 24. Rd1 Qa3 25. Qd5 Rd8 26. Ne1 Bc5 27. Nc2 Qa8 28. Qd3 Nf8 29. Bxc5+ 1/2-1/2

[Event "1000GM Schev-G5 March 2024"]
[Site "Santa Clara"]
[Date "2024.03.10"]
[Round "3.4"]
[White "Gongora Montes, Benjamin"]
[Black "Bhatta, Rohit"]
[Result "1/2-1/2"]
[ECO "D63"]
[WhiteElo "2106"]
[BlackElo "1952"]
[Annotator "RC"]
[PlyCount "40"]
[EventDate "2024.03.06"]
[EventType "schev"]
[EventCountry "USA"]
[SourceTitle "playchess.com"]
[Source "ChessBase"]
[SourceQuality "1"]
[TimeControl "5400+30"]

1. d4 Nf6 2. c4 e6 3. Nf3 d5 4. Nc3 Be7 5. Bg5 Nbd7 6. e3 h6 7. Bh4 O-O 8. Rc1 c5 9. cxd5 Nxd5 10. Bxe7 Nxe7 11. Bd3 cxd4 12. exd4 Nf6 13. O-O b6 14. Ne4 Ned5 15. Ne5 Bb7 16. Qf3 Qe7 17. Bb1 Rac8 18. Rcd1 Rc7 19. Rfe1 Nxe4 20. Qxe4 Nf6 1/2-1/2

[Event "1000GM Schev-G5 March 2024"]
[Site "Santa Clara"]
[Date "2024.03.10"]
[Round "3.5"]
[White "Jin, Austin"]
[Black "Garcia Lopez, Miguel Angel"]
[Result "1/2-1/2"]
[ECO "C55"]
[WhiteElo "1950"]
[BlackElo "2262"]
[Annotator "TA"]
[PlyCount "40"]
[EventDate "2024.03.06"]
[EventType "schev"]
[EventCountry "USA"]
[SourceTitle "playchess.com"]
[Source "ChessBase"]
[SourceQuality "1"]
[TimeControl "5400+30"]

1. e4 e5 2. Nf3 Nc6 3. Bc4 Nf6 4. d3 Be7 5. O-O O-O 6. h3 d5 7. exd5 Nxd5 8. Re1 Nb6 9. Bb3 (9. Nxe5 $2 {loses.} Nxe5 10. Bb3 Ng6 $19) 9... Bd6 10. c3 h6 11. d4 exd4 12. Nxd4 Qf6 13. Nxc6 bxc6 14. Nd2 Bf5 15. Ne4 Qg6 16. Nxd6 cxd6 17. Qf3 d5 {[%emt 0:00:44] The position is equal.} 18. Bf4 Rfe8 19. Qg3 Qxg3 20. Bxg3 Nc4 {[%emt 0:00:05] Weighted Error Value: White=0.13 (very precise) /Black=0.08 (flawless) .  Inaccurate:     	White=3     	---        OK:         	White=4     	Black=5      Best:        	---       	Black=1} 1/2-1/2

[Event "1000GM Schev-G5 March 2024"]
[Site "Santa Clara"]
[Date "2024.03.10"]
[Round "4.3"]
[White "Bhaduri, Neil S"]
[Black "Gongora Montes, Benjamin"]
[Result "0-1"]
[ECO "D07"]
[WhiteElo "1917"]
[BlackElo "2106"]
[Annotator "RC"]
[PlyCount "56"]
[EventDate "2024.03.06"]
[EventType "schev"]
[EventCountry "USA"]
[SourceTitle "playchess.com"]
[Source "ChessBase"]
[SourceQuality "1"]
[TimeControl "5400+30"]

1. Nf3 Nc6 2. d4 d5 3. c4 Bg4 4. cxd5 Bxf3 5. gxf3 Qxd5 6. e3 e5 7. Nc3 Bb4 8. Bd2 Bxc3 9. bxc3 Qd6 10. Rg1 Nge7 11. f4 exd4 12. cxd4 O-O 13. Qg4 g6 14. Bc4 Nxd4 15. exd4 Qxd4 16. Rc1 Rfe8 17. Be3 Nd5 18. Bxd5 Rxe3+ 19. fxe3 Qxe3+ 20. Kd1 Rd8 21. Qg2 Qd4+ 22. Ke2 Re8+ 23. Kf3 Qxd5+ 24. Kf2 Qd4+ 25. Kg3 Re3+ 26. Kg4 f5+ 27. Kg5 Qd8+ 28. Kh6 Qh4# 0-1

[Event "1000GM Schev-G5 March 2024"]
[Site "Santa Clara"]
[Date "2024.03.10"]
[Round "4.4"]
[White "Bhatta, Rohit"]
[Black "Garcia Lopez, Miguel Angel"]
[Result "1/2-1/2"]
[ECO "D20"]
[WhiteElo "1952"]
[BlackElo "2262"]
[Annotator "TA"]
[PlyCount "54"]
[EventDate "2024.03.06"]
[EventType "schev"]
[EventCountry "USA"]
[SourceTitle "playchess.com"]
[Source "ChessBase"]
[SourceQuality "1"]
[TimeControl "5400+30"]

1. d4 d5 2. c4 dxc4 3. e3 Nc6 4. Bxc4 e5 5. d5 Na5 6. Qa4+ c6 7. dxc6 Nxc6 8. Nf3 Bd6 9. O-O Nf6 10. Nc3 O-O 11. h3 h6 12. e4 Qe7 13. Be3 Bd7 14. Qc2 Rac8 15. Qe2 Rfe8 16. Rfd1 a6 17. a3 b5 18. Nd5 Nxd5 19. Bxd5 Nd8 (19... Be6 $11 {keeps the balance.}) 20. Qd2 {[%emt 0:05:12][%cal Oe3h6] White has more active pieces.} Rf8 {[%emt 0:05:52] [#]} (20... Qf6 $14) 21. Bxh6 $1 $18 {[%emt 0:04:25] Strongly threatening Bg5.} gxh6 (21... Kh7) 22. Qxh6 Ne6 {[%emt 0:00:09] Dodges Ng5} 23. Bxe6 $2 (23. Rd3) 23... fxe6 24. Qg6+ Kh8 25. Qh6+ {[%emt 0:09:02][%mdl 1024] White has strong compensation.} Kg8 26. Qg6+ Kh8 27. Qh6+ Kg8 {[%emt 0:01:04] Weighted Error Value: White=0.53/Black=0.50.  Mistake:       	---       	Black=3      Inaccurate:     	White=1     	Black=2      OK:         	White=9     	Black=6      Best:        	---       	Black=5} 1/2-1/2

[Event "1000GM Schev-G5 March 2024"]
[Site "Santa Clara"]
[Date "2024.03.10"]
[Round "4.5"]
[White "Urbina Quiroz, Edwin"]
[Black "Jin, Austin"]
[Result "1-0"]
[ECO "C50"]
[WhiteElo "2047"]
[BlackElo "1950"]
[Annotator "RC"]
[PlyCount "39"]
[EventDate "2024.03.06"]
[EventType "schev"]
[EventCountry "USA"]
[SourceTitle "playchess.com"]
[Source "ChessBase"]
[SourceQuality "1"]
[TimeControl "5400+30"]

1. e4 e5 2. Nf3 Nc6 3. Bc4 Bc5 4. O-O Nf6 5. d4 Bxd4 6. Nxd4 Nxd4 7. Bg5 h6 8. Bh4 g5 9. f4 d5 10. exd5 Bg4 11. Qe1 e4 12. fxg5 hxg5 13. Bxg5 Qd6 14. Rxf6 Nf3+ 15. Rxf3 Bxf3 16. Qg3 Qb6+ 17. Kh1 Qxb2 18. Qxc7 f6 19. d6 Bxg2+ 20. Kxg2 1-0

[Event "1000GM Schev-G5 March 2024"]
[Site "Santa Clara"]
[Date "2024.03.11"]
[Round "5.1"]
[White "Zhou, Ivan"]
[Black "Varela Velazquez, Carlos Francisco"]
[Result "1-0"]
[ECO "C70"]
[WhiteElo "1905"]
[BlackElo "2113"]
[Annotator "RC"]
[PlyCount "67"]
[EventDate "2024.03.06"]
[EventType "schev"]
[EventCountry "USA"]
[SourceTitle "playchess.com"]
[Source "ChessBase"]
[SourceQuality "1"]
[TimeControl "5400+30"]

1. e4 e5 2. Nf3 Nc6 3. Bb5 a6 4. Ba4 Nge7 5. c3 g6 6. d4 exd4 7. cxd4 Bg7 8. d5 b5 9. Bc2 Na5 10. Bd2 c5 11. Bc3 O-O 12. O-O d6 13. Nbd2 Bd7 14. a4 Bxc3 15. bxc3 f6 16. Qe2 g5 17. c4 Ng6 18. axb5 axb5 19. cxb5 Nf4 20. Qe3 Bxb5 21. Rfb1 Qd7 22. g3 Ng6 23. Qc3 Nb7 24. Rxa8 Rxa8 25. Qxf6 g4 26. Ng5 Ne5 27. Ne6 Ba6 28. Rb6 Bd3 29. Ba4 Qf7 30. Qxf7+ Nxf7 31. Rxb7 Rxa4 32. Rb8+ Nd8 33. Rxd8+ Kf7 34. Nf4 1-0

[Event "1000GM Schev-G5 March 2024"]
[Site "Santa Clara"]
[Date "2024.03.11"]
[Round "5.3"]
[White "Garcia Lopez, Miguel Angel"]
[Black "Bhaduri, Neil S"]
[Result "1/2-1/2"]
[ECO "B11"]
[WhiteElo "2262"]
[BlackElo "1917"]
[Annotator "TA"]
[PlyCount "90"]
[EventDate "2024.03.06"]
[EventType "schev"]
[EventCountry "USA"]
[SourceTitle "playchess.com"]
[Source "ChessBase"]
[SourceQuality "1"]
[TimeControl "5400+30"]

1. e4 c6 2. Nc3 d5 3. Nf3 dxe4 4. Nxe4 Nf6 5. Qe2 Nxe4 6. Qxe4 Qa5 7. Bc4 Bf5 8. Qe2 e6 9. c3 Bd6 10. Nh4 Nd7 11. Nxf5 Qxf5 12. d4 {[%emt 0:00:09] Pariert Ne5.} Nf6 13. a4 O-O 14. O-O Rfe8 15. Bd3 Qa5 16. Qf3 Qh5 17. Qxh5 Nxh5 18. Re1 Bf4 19. g3 Bxc1 20. Raxc1 Rad8 21. Be2 Nf6 22. Bf3 Re7 23. Bg2 h6 24. f4 Red7 25. Rc2 Nd5 26. Kf2 a6 27. Be4 Nf6 28. Bf3 Nd5 29. Re5 g6 30. h4 h5 31. Re1 Nb6 32. b3 Nd5 33. Rb1 {[%emt 0:03:37] Die Stellung ist ausgeglichen.} Rc7 34. b4 a5 35. b5 c5 {[%emt 0:02:23] [#] Droht ...cxd4 und aus.} 36. Rd1 cxd4 37. Rxd4 Rdc8 38. Bxd5 exd5 39. Rxd5 Rxc3 40. Rxc3 Rxc3 $11 {[%emt 0:00:02] KR-KR} 41. Rd7 Rc4 42. Rxb7 Rxa4 43. Ra7 Ra3 44. b6 Rb3 45. Rxa5 Rxb6 {[%emt 0:00:02] Gewichteter Fehlerwert: Weiß=0.07 (makellos) /Schwarz=0.07 (makellos) .  Ungenau:       	Weiß=2     	Schwarz=1     OK:         	Weiß=10    	Schwarz=16    Bester:       	---       	Schwarz=1} 1/2-1/2

[Event "1000GM Schev-G5 March 2024"]
[Site "Santa Clara"]
[Date "2024.03.11"]
[Round "5.4"]
[White "Bhatta, Rohit"]
[Black "Urbina Quiroz, Edwin"]
[Result "1-0"]
[ECO "E05"]
[WhiteElo "1952"]
[BlackElo "2047"]
[Annotator "RC"]
[PlyCount "89"]
[EventDate "2024.03.06"]
[EventType "schev"]
[EventCountry "USA"]
[SourceTitle "playchess.com"]
[Source "ChessBase"]
[SourceQuality "1"]
[TimeControl "5400+30"]

1. d4 d5 2. c4 e6 3. Nf3 Nf6 4. g3 Be7 5. Bg2 O-O 6. O-O dxc4 7. Qc2 a6 8. a4 Bd7 9. Qxc4 Bc6 10. Bf4 a5 11. Nc3 Na6 12. Rac1 Bxf3 13. Bxf3 c6 14. e4 Nb4 15. Rfd1 Rc8 16. Qe2 Re8 17. h4 Qb6 18. Be3 Qc7 19. Bf4 Qb6 20. Be3 Qc7 21. Bf4 Qd7 22. Qf1 Red8 23. Qg2 Qe8 24. g4 Nd7 25. g5 Nf8 26. h5 Kh8 27. Qg3 Rd7 28. Rd2 Bd8 29. Nb5 Be7 30. Nd6 Bxd6 31. Bxd6 Rcd8 32. Be5 Kg8 33. Qf4 Qe7 34. Bf6 Qe8 35. Bxg7 f5 36. gxf6 e5 37. Qg3 Ne6 38. Bh6+ Kh8 39. Qxe5 Qf7 40. d5 Nc7 41. Bg7+ Kg8 42. Bg4 Re8 43. Qg5 Rdd8 44. Bf5 Re5 45. Bxh7+ 1-0